 Dungeon Crawl Stone Soup version 0.31-a0-460-g9e667d4245 (webtiles) character file.

Game seed: 9026847206000403816

405 randomguy2701 the Stinger (level 6, -3/37 HPs)
             Began as an Octopode Venom Mage on Aug 5, 2023.
             Was an Initiate of Gozag.
             Slain by Duvessa
             ... wielding a +1 rapier of speed
              (13 damage)
             ... on level 4 of the Dungeon.
             The game lasted 00:08:47 (4885 turns).

randomguy2701 the Stinger (Octopode Venom Mage)     Turns: 4885, Time: 00:08:49

Health: -3/37      AC:  1    Str:  8    XL:     6   Next: 87%
Magic:  3/12       EV: 13    Int: 19    God:    Gozag
Gold:   274        SH:  0    Dex: 12    Spells: 12/13 levels left

rFire   . . .        (no weapon)
rCold   . . .        (no shield)
rNeg    . . .        (helmet restricted)
rPois   .            (no amulet)
rElec   .            (no ring)
rCorr   .            (no ring)
SInv    .            (no ring)
Will    .....        (no ring)
Stlth   +++          (no ring)
HPRegen 0.26/turn    (no ring)
MPRegen 0.13/turn    (no ring)
                     (no ring)

%: no passive effects
@: gold aura
A: almost no armour, amphibious, 8 rings, camouflage 1, gelatinous body 1,
(nimble swimmer 1), tentacles
a: Renounce Religion, Potion Petition, Call Merchant, Bribe Branch


You were on level 4 of the Dungeon.
You worshipped Gozag.
Gozag was aware of your devotion.
You visited 1 branch of the dungeon, and saw 4 of its levels.

You collected 308 gold pieces.
You paid 34 gold pieces to Gozag.

Inventory:

Wands
 i - a wand of mindburst (16)
Scrolls
 b - 2 scrolls of acquirement {unknown}
 c - a scroll of revelation {unknown}
 e - a scroll of enchant weapon {unknown}
 k - a scroll of immolation {unknown}
 l - a scroll of identify {unknown}
Potions
 a - a potion of magic
 d - a potion of attraction {unknown}
 f - a potion of enlightenment {unknown}
 g - a potion of invisibility {unknown}
 h - a potion of curing {unknown}
 j - 2 potions of haste {unknown}
 m - a potion of mutation {unknown}


   Skills:
 + Level 0.4 Fighting
 + Level 2.5 Dodging
 + Level 3.5 Stealth
 + Level 0.2 Unarmed Combat
 + Level 4.1 Spellcasting
 + Level 3.0 Transmutations
 + Level 5.8 Poison Magic


You had 12 spell levels left.
You knew the following spells:

 Your Spells              Type           Power      Damage    Failure   Level
a - Sting                 Tmut/Pois      80%        1d7       2%          1

Your spell library contained the following spells:

 Spells                   Type           Power      Damage    Failure   Level
 Poisonous Vapours        Pois/Air       30%        N/A       6%          2
 Olgreb's Toxic Radiance  Pois           26%        N/A       12%         4
 Mephitic Cloud           Conj/Pois/Air  11%        N/A       19%         3
 Blink                    Tloc           6%         N/A       21%         2
 Lesser Beckoning         Tloc           6%         N/A       21%         2
 Momentum Strike          Conj/Tloc      6%         3d8       21%         2
 Static Discharge         Conj/Air       6%         2-3/arc   21%         2
 Airstrike                Air            1%         2d(1-17)  80%         4
 Summon Lightning Spire   Summ/Air       3%         N/A       80%         4


Dungeon Overview and Level Annotations

Branches:
Dungeon (4/15)
 Temple: D:4-7

Altars:
Gozag
Makhleb

Shops:
D:2 [(*?

Annotations:
D:2 1 runed translucent door, Crazy Yiuf
D:4 2 transporters, Dowan; Duvessa; bahustanut's ghost, amateur OgFi


Innate Abilities, Weirdness & Mutations

You cannot wear most types of armour.
You are amphibious.
You can wear up to eight rings at the same time.
Your skin changes colour to match your surroundings (Stealth+).
Your rubbery body absorbs attacks. (AC +1, EV +1)
((You are camouflaged when in or above water. (Stealth+)))
You have tentacles for arms and can constrict up to eight enemies at once.


Message History

Press: ? - help, Shift-Dir - straight line, f/p - Duvessa
Aim: Duvessa, wielding a +1 rapier of speed and wearing a +1 leather armour of cold resistance (lightly wounded, poisoned, 79% to hit)
The sting misses Duvessa.
The sting hits Dowan.
Dowan is poisoned.
Dowan is moderately wounded.
Dowan is distracted by your dazzling golden aura.
Duvessa attacks as you move away!
Duvessa hits you with a +1 rapier of speed.
Duvessa looks more healthy.
Duvessa hits you with a +1 rapier of speed!
Casting: Sting (safe; 2% risk of failure)
Confirm with . or Enter, or press ? or * to list all spells.
Aiming: Sting (safe; 2% risk of failure)
Press: ? - help, Shift-Dir - straight line, f/p - Duvessa
Aim: Duvessa, wielding a +1 rapier of speed and wearing a +1 leather armour of cold resistance (moderately wounded, 79% to hit)
The sting misses Duvessa.
Dowan shouts!
Duvessa closely misses you.
Casting: Sting (safe; 2% risk of failure)
Confirm with . or Enter, or press ? or * to list all spells.
Aiming: Sting (safe; 2% risk of failure)
Press: ? - help, Shift-Dir - straight line, f/p - Duvessa
Aim: Duvessa, wielding a +1 rapier of speed and wearing a +1 leather armour of cold resistance (moderately wounded, 79% to hit)
The sting hits Duvessa.
Duvessa is poisoned.
Duvessa is moderately wounded.
Dowan is no longer distracted by gold.
Duvessa hits you with a +1 rapier of speed!
* * * LOW HITPOINT WARNING * * *
Duvessa is distracted by your dazzling golden aura.
You are too injured to fight recklessly!
Attack: -) Tentacles
Press: ? - help, Dir - move target, f/p - Duvessa
Aim: Duvessa, wielding a +1 rapier of speed and wearing a +1 leather armour of cold resistance (heavily wounded, unaware, poisoned, hasn't noticed you, about 35% to evade your tentacles)
You barely miss Duvessa.
Duvessa is no longer distracted by gold.
Duvessa shouts!
Your grab misses Duvessa.
Duvessa is heavily wounded.
Duvessa hits you with a +1 rapier of speed!
You die...
Your body crumbles into a pile of gold.

#................####
######..##..........##
##.##....#####..#### #####
####...#...##...##....###...##
###...<...####.....##...##.....#
##.....[.#..##.......#...#.......
....#######..#..(....e...'....[..
##### #.#.......#...#....... #
.##.@e..##...##.....#
###...###...###...## ##### #.e.#
##### #...# #..e# #...#
+...'..h.?. #...#..!...
#...##..e..


You could see Duvessa (poisoned) and Dowan (poisoned).

Vanquished Creatures
  Sigmund (D:3)
  A hound (D:4)
  Terence (D:2)
  5 river rats (D:3)
  7 adders
  4 worms (D:3)
  A dart slug (D:2)
  2 orcs (D:3)
  10 bats
  6 endoplasms
  A giant cockroach (D:2)
  9 goblins
  2 hobgoblins
  2 jackals (D:2)
  6 kobolds
  2 quokkas
  6 ball pythons
  4 frilled lizards
  7 rats
77 creatures vanquished.

Notes
Turn   | Place    | Note
-------+----------+-------------------------------------------
     0 | D:1      | randomguy2701 the Octopode Venom Mage began the quest for
                  | the Orb.
     0 | D:1      | Reached XP level 1. HP: 11/11 MP: 3/3
   108 | D:1      | Reached skill level 4 in Poison Magic
   135 | D:1      | Reached XP level 2. HP: 17/17 MP: 1/5
   605 | D:1      | Found a faded altar of an unknown god.
   609 | D:1      | Reached XP level 3. HP: 21/21 MP: 4/6
  1137 | D:2      | Noticed Terence
  1150 | D:2      | Killed Terence
  1212 | D:2      | Found Akett's Antique Weapon Boutique.
  1343 | D:2      | Found Enees's Armour Boutique.
  1400 | D:2      | Reached XP level 4. HP: 19/27 MP: 2/8
  1470 | D:2      | Found a runed translucent door.
  1471 | D:2      | Noticed Crazy Yiuf
  1919 | D:2      | Found Nuuxuo's Magic Scroll Boutique.
  2183 | D:2      | Found Puisabul's General Store.
  2623 | D:3      | Noticed Sigmund
  2818 | D:3      | Reached skill level 5 in Poison Magic
  2911 | D:3      | Found an opulent altar of Gozag.
  2924 | D:3      | Became a worshipper of Gozag Ym Sagoz the Greedy
  3215 | D:3      | Killed Sigmund
  3216 | D:3      | Reached XP level 5. HP: 21/32 MP: 3/10
  3216 | D:3      | Reached XP level 6. HP: 24/37 MP: 3/11
  4330 | D:3      | Found a burning altar of Makhleb.
  4772 | D:4      | Found a transporter.
  4774 | D:4      | Noticed bahustanut's ghost (amateur OgFi)
  4776 | D:4      | Found a transporter.
  4862 | D:4      | Noticed Duvessa
  4862 | D:4      | Noticed Dowan
  4885 | D:4      | Slain by Duvessa

Illustrated notes

Levels and vault maps discovered:
D:1:      minmay_arrival_hallway, layout_loops_ring,
          ebering_ecumenical_altar_mist, minmay_misc_feat_square,
          minmay_indecisive_spiral
D:2:      layout_loops_corners, serial_shops, shop,
          nicolae_shop_back_alley_shop, shop,
          nicolae_shop_pleasant_corner_grove, uniq_crazy_yiuf_cottage,
          uniq_terence
D:3:      layout_loops_corners, nicolae_gozag_cash_rules_everything_around_me,
          bloody_makhleb, lightli_sewer_entry_pipes, minmay_quadrilaterals,
          uniq_sigmund
D:4:      kennysheep_six_static_rooms, layout_cave_pods, tso_metal_star,
          minmay_temple_entry_butterflies, gammafunk_ghost_smash, serial_shops,
          nicolae_shop_bloodbath_and_beyond, uniq_natasha, uniq_duvessa,
          uniq_pikel

Skill      XL: |  1  2  3  4  5  6 |
---------------+-------------------+-----
Poison Magic   | 4 5 |  5.8
Stealth        | 3 |  3.5
Spellcasting   | 3 4 |  4.1
Transmutations | 2 3 |  3.0
Fighting       | |  0.4
Dodging        | |  2.5
Unarmed Combat | |  0.2

Action                     |  1- 3 |  4- 6 || total
---------------------------+-------+-------++-------
  Melee: Unarmed           |    14 |     7 ||    21
         Tentacles         |     8 |     2 ||    10
         Constrict         |     4 |     3 ||     7
         Punch             |     1 |       ||     1
   Cast: Sting             |    51 |   129 ||   180
 Armour: Skin              |     8 |     4 ||    12
  Dodge: Dodged            |    21 |    49 ||    70

Table legend: (Time is in decaauts)
 A = Elapsed time spent in this place.
 B = Non-inter-level travel time spent in this place.
 C = Inter-level travel time spent in this place.
 D = Time resting spent in this place.
 E = Time spent auto-exploring this place.
 F = Levels seen in this place.
 G = Mean time per level.
                   A        B        C        D        E       F      G
               +--------+--------+--------+--------+--------+-----+--------+
         Total |   4884 |   4630 |    254 |    113 |   3717 |   4 | 1221.0 |
       Dungeon |   4884 |   4630 |    254 |    113 |   3717 |   4 | 1221.0 |
               +--------+--------+--------+--------+--------+-----+--------+

Top non-repeatable levels by time:
     D:3: 2107 daAuts
     D:2: 1580 daAuts
     D:1: 1071 daAuts
     D:4: 125 daAuts
